 Dungeon Crawl Stone Soup version 0.30-a0-49-g1cef19eb02 (webtiles) character file.

Game seed: 10615688197317318421

186 MrFrogsmire the Conjurer (level 5, 0/32 HPs)
             Began as an Octopode Conjurer on Sept 3, 2022.
             Was an Initiate of Gozag.
             Succumbed to an adder's poison
             ... on level 4 of the Dungeon.
             The game lasted 00:10:55 (1856 turns).

MrFrogsmire the Conjurer (Octopode Conjurer)        Turns: 1856, Time: 00:10:56

Health: 0/32       AC:  1    Str:  6    XL:     5   Next: 65%
Magic:  2/9        EV: 11    Int: 23    God:    Gozag
Gold:   360        SH:  6    Dex: 10    Spells: 8/9 levels left

rFire   . . .      SeeInvis .    k - staff of poison
rCold   . . .      Faith    .    g - +0 kite shield {first shield}
rNeg    . . .      Spirit   .    (helmet restricted)
rPois   +          Reflect  .    (no amulet)
rElec   .          Harm     .    (no ring)
rCorr   .          Rampage  .    (no ring)
Will    .....                    (no ring)
Stlth   +++.......               (no ring)
HPRegen 0.10/turn                (no ring)
MPRegen 0.11/turn                (no ring)
                                 (no ring)
                                 (no ring)

@: lethally poisoned (0 -> -5)
A: almost no armour, amphibious, 8 rings, camouflage 1, gelatinous body 1,
(nimble swimmer 1), tentacles
a: Renounce Religion, Potion Petition, Call Merchant, Bribe Branch


You were on level 4 of the Dungeon.
You worshipped Gozag.
Gozag was aware of your devotion.
You visited 1 branch of the dungeon, and saw 4 of its levels.

You collected 360 gold pieces.

Inventory:

Hand Weapons
 i - a +1 dagger of pain
Armour
 g - a +0 kite shield (worn) {first shield}
Magical Staves
 k - a staff of poison (weapon)
Scrolls
 b - a scroll of vulnerability {unknown}
 c - a scroll of poison {unknown}
 f - a scroll of magic mapping {unknown}
 h - a scroll of enchant weapon {unknown}
 j - 3 scrolls of amnesia {unknown}
Potions
 a - a potion of magic
 d - a potion of berserk rage {unknown}
 e - a potion of brilliance {unknown}
 l - a potion of haste {unknown}


   Skills:
 + Level 0.6 Fighting
 + Level 0.3 Axes
 + Level 3.0 Dodging
 + Level 3.1 Stealth
 + Level 2.6 Spellcasting
 + Level 5.6 Conjurations


You had 8 spell levels left.
You knew the following spells:

 Your Spells              Type           Power      Damage    Failure   Level
a - Magic Dart            Conj           100%       1d8       4%          1

Your spell library contained the following spells:

 Spells                   Type           Power      Damage    Failure   Level
 Searing Ray              Conj           58%        2d6       7%          2
 Dazzling Flash           Conj/Hex       32%        N/A       38%         3
 Fulminant Prism          Conj/Hex       8%         3d7       80%         4
 Iskenderun's Mystic Bla  Conj/Tloc      16%        2d5       80%         4


Dungeon Overview and Level Annotations

Branches:
Dungeon (4/15)
 Temple: D:4-7

Altars:
Gozag
Yredelemnul

Shops:
D:3 (

Portals:
Ossuary: D:4


Innate Abilities, Weirdness & Mutations

You cannot wear most types of armour.
You are amphibious.
You can wear up to eight rings at the same time.
Your skin changes colour to match your surroundings (Stealth+).
Your rubbery body absorbs attacks. (AC +1, EV +1)
((You are camouflaged when in or above water. (Stealth+)))
You have tentacles for arms and can constrict up to eight enemies at once.


Message History

You block the gnoll's attack.
You hit the gnoll but do no damage.
The gnoll is almost dead.
You constrict the gnoll. You block the gnoll's attack. x2
The gnoll closely misses you. You block the gnoll's attack.
You hit the gnoll.
You kill the gnoll!
The gnoll closely misses you. The adder completely misses you.
The gnoll barely misses you.
Things that are here:
5 gold pieces; a +0 club You hit the gnoll.
You grab the gnoll. You squeeze the gnoll.
The gnoll is heavily wounded.
You constrict the gnoll, but do no damage.
The adder bites you. The gnoll closely misses you. The adder misses you.
You barely miss the gnoll.
The gnoll is heavily wounded.
You constrict the gnoll. The adder closely misses you. The gnoll misses you.
The adder closely misses you. The gnoll hits you with a +0 whip.
* * * LOW HITPOINT WARNING * * *
You hit the gnoll.
You kill the gnoll!
The adder bites you.
* * * LOW HITPOINT WARNING * * *
You block the adder's attack.
You hit the adder. Your grab misses the adder.
The adder is moderately wounded.
The adder bites you.
* * * LOW HITPOINT WARNING * * *
You are lethally poisoned!
The adder poisons you! You block the adder's attack.
You hit the adder but do no damage. Your grab misses the adder.
You squeeze the adder, but do no damage.
The adder is moderately wounded.
* * * LOW HITPOINT WARNING * * *
You feel sick. The adder completely misses you.
You barely miss the adder. Your grab misses the adder.
The adder is moderately wounded.
You die...
Your body crumbles into a pile of gold.

......... #.......#
#.......##.
#.........#
#.....?$... #.......#
#..# ##.##...S$..#
#..# .......@$# #..#
##!####.## #..# .# #.#
#..# .# ##.#######..#
.###..8........###
#.##..............#
####....8.∩.8####.##.#
#..(####.....# #.#
#.........8..# #.#


You could see an adder.

Vanquished Creatures
  2 jellies (D:3)
  4 gnolls (D:4)
  4 adders
  A dart slug (D:3)
  4 bats
  7 endoplasms
  A giant cockroach (D:2)
  2 hobgoblins
  7 jackals (D:3)
  3 quokkas
  3 ball pythons
  3 frilled lizards
  2 goblins
  3 kobolds
  2 rats (D:3)
48 creatures vanquished.

Vanquished Creatures (others)
  53 plants (D:1)
53 creatures vanquished.

Grand Total: 101 creatures vanquished

Notes
Turn   | Place    | Note
-------+----------+-------------------------------------------
     0 | D:1      | MrFrogsmire the Octopode Conjurer began the quest for the
                  | Orb.
     0 | D:1      | Reached XP level 1. HP: 11/11 MP: 3/3
   423 | D:1      | Reached XP level 2. HP: 17/17 MP: 3/5
   661 | D:2      | Found a faded altar of an unknown god.
   675 | D:2      | Prayed at the altar of an unknown god.
   675 | D:2      | Became a worshipper of Gozag Ym Sagoz the Greedy
   699 | D:2      | Reached XP level 3. HP: 21/21 MP: 2/6
  1241 | D:3      | Reached skill level 5 in Conjurations
  1241 | D:3      | Reached XP level 4. HP: 15/27 MP: 1/7
  1487 | D:3      | Found Mixafuz's Antique Weapon Boutique.
  1488 | D:3      | Found a basalt altar of Yredelemnul.
  1517 | D:3      | Reached XP level 5. HP: 30/31 MP: 3/8
  1801 | D:4      | Found a sand-covered staircase.
  1856 | D:4      | Succumbed to an adder's poison

Illustrated notes

Levels and vault maps discovered:
D:1:      ncdulo_lavacross, layout_rooms, serial_shops, nicolae_diamond_shop,
          minmay_misc_feat_tiny, serial_bayou_pond_d, serial_bayou_lagoon_a,
          minmay_pentomino_p2
D:2:      layout_loops_corners, ebering_ecumenical_altar_hall
D:3:      cheibrodos_pilgrimage, layout_loops_ring, mainiacjoe_overflow_paths,
          serial_shops, nicolae_shop_behind_doors
D:4:      layout_loops_ring, nicolae_ossuary_entry_monument, serial_shops, shop

Skill      XL: |  1  2  3  4  5 |
---------------+----------------+-----
Stealth        | 3 |  3.1
Conjurations   | 5 |  5.6
Dodging        | 3 |  3.0
Fighting       | |  0.6
Axes           | |  0.3
Spellcasting   | |  2.6

Action                   |  1- 3 |  4- 6 || total
-------------------------+-------+-------++-------
Melee: Hand axe          |    19 |       ||    19
       Constrict         |     5 |     6 ||    11
       Tentacles         |     3 |     4 ||     7
       Dagger            |       |     3 ||     3
       Staff             |       |    19 ||    19
 Cast: Magic Dart        |    42 |    42 ||    84
Armor: Skin              |     6 |     1 ||     7
Dodge: Dodged            |    23 |    20 ||    43
Block: Kite shield       |       |     9 ||     9

Table legend: (Time is in decaauts)
 A = Elapsed time spent in this place.
 B = Non-inter-level travel time spent in this place.
 C = Inter-level travel time spent in this place.
 D = Time resting spent in this place.
 E = Time spent auto-exploring this place.
 F = Levels seen in this place.
 G = Mean time per level.
                   A        B        C        D        E       F      G
               +--------+--------+--------+--------+--------+-----+--------+
         Total |   1867 |    736 |   1131 |      0 |      0 |   4 |  466.8 |
       Dungeon |   1867 |    736 |   1131 |      0 |      0 |   4 |  466.8 |
               +--------+--------+--------+--------+--------+-----+--------+

Top non-repeatable levels by time:
     D:2: 750 daAuts
     D:3: 575 daAuts
     D:1: 480 daAuts
     D:4: 61 daAuts
